 Dungeon Crawl Stone Soup version 0.24.0-123-gd5b16e6ec5 (webtiles) character file.

Game seed: 2935185003947012055, levelgen mode: deterministic

762 Elellon the Magician (level 7, -2/41 HPs)
             Began as a Deep Elf Conjurer on Feb 9, 2020.
             Killed by nerve-wracking pain
             ... invoked by Grinder
              (13 damage)
             ... on level 6 of the Dungeon.
             The game lasted 00:08:23 (4792 turns).

Elellon the Magician (Deep Elf Conjurer)            Turns: 4792, Time: 00:08:24

Health: -2/41      AC:  9    Str:  7    XL:     7   Next: 51%
Magic:  26/28      EV: 12    Int: 23    God:
Gold:   191        SH:  5    Dex: 15    Spells: 16/19 levels left

rFire    . . .     SeeInvis +   y - +4 mace (crush)
rCold    . . .     Gourm    .   x - +1 buckler
rNeg     . . .     Faith    .   a - +0 robe
rPois    .         Spirit   .   j - +2 helmet
rElec    .         Reflect  .   (no cloak)
rCorr    .         Harm     .   s - +0 pair of gloves "Oseobemp" {Int+3 SInv}
MR       .....                  m - +2 pair of boots
Stlth    ++........             (no amulet)
HPRegen  0.13/turn              i - ring of see invisible
MPRegen  0.21/turn              p - ring of magical power

@: no status effects
A: no striking features
a: no special abilities


You were on level 6 of the Dungeon.
You were not hungry.

You visited 1 branch of the dungeon, and saw 6 of its levels.

You collected 227 gold pieces.
You spent 36 gold pieces at shops.

Inventory:

Hand Weapons
 y - a +4 mace of crushing (weapon)
Armour
 a - a +0 robe (worn)
 f - a +0 pair of gloves
 j - a +2 helmet (worn)
 m - a +2 pair of boots (worn)
 s - the +0 pair of gloves "Oseobemp" (worn) {Int+3 SInv}
   (You found it on level 5 of the Dungeon)

   It affects your intelligence (+3).
   It lets you see invisible.
 x - a +1 buckler (worn)
Jewellery
 i - a ring of see invisible (left hand)
 p - a ring of magical power (right hand)
 t - an uncursed ring of fire
 v - an uncursed ring of positive energy {unknown}
 D - an uncursed amulet of the acrobat {unknown}
Wands
 b - a wand of iceblast (3)
Scrolls
 l - 2 scrolls of teleportation
 n - 6 scrolls of remove curse
 o - 4 scrolls of blinking
 w - a scroll of amnesia
 B - 2 scrolls of enchant weapon
 C - 2 scrolls of identify
Potions
 d - a potion of cancellation {unknown}
 e - 4 potions of lignification
 g - 2 potions of brilliance {unknown}
 h - 2 potions of degeneration {unknown}
 k - a potion of berserk rage {unknown}
 q - a potion of curing {unknown}
 r - 4 potions of heal wounds {unknown}
 u - 2 potions of agility
 z - 2 potions of magic {unknown}
 A - a potion of ambrosia {unknown}
Comestibles
 c - 4 rations
 E - 5 chunks of flesh


   Skills:
 + Level 3.0 Fighting
 - Level 2.4 Dodging
 - Level 2.4 Stealth
 + Level 2.5 Shields
 + Level 6.7 Spellcasting
 + Level 6.7 Conjurations


You had 16 spell levels left.
You knew the following spells:

 Your Spells              Type           Power        Failure   Level  Hunger
a - Magic Dart            Conj           ####         1%          1    None
b - Searing Ray           Conj           #####.       1%          2    None

Your spell library contained the following spells:

 Spells                   Type           Power        Failure   Level  Hunger
 Iskenderun's Mystic Bla  Conj           #####...     6%          4    ###....
 Dazzling Spray           Conj/Hex       ###...       7%          3    None
 Force Lance              Conj/Tloc      ###.....     24%         4    ###....
 Fulminant Prism          Conj/Hex       ###.......   24%         4    ###....


Dungeon Overview and Level Annotations

Branches:
Dungeon (6/15)
 Temple: D:4-7

Altars:
Cheibriados
Fedhas
Nemelex Xobeh
Ru
Zin

Shops:
D:4 *

Annotations:
D:6 Grinder


Message History

Confirm with . or Enter, or press ? or * to list all spells.
Aiming: Searing Ray (safe; 1% risk of failure)
Press: ? - help, Shift-Dir - straight line, f/p - Grinder
Aim: Grinder (heavily wounded)
The searing ray hits Grinder.
Grinder is severely wounded. (Press . to maintain the ray.) Grinder blinks!
Grinder gestures at you.
You suddenly lose the ability to move!
Grinder blinks! x2
You can move again.
There is a stone staircase leading down here.
Things that are here:
a +0 whip; a +0 chain mail; an orc skeleton You see here a jackal skeleton.
There is a stone staircase leading up here.
Grinder gestures at you. Pain shoots through your body!
You die...

# .####.######
.......@รท).#
###.#.####5# ## ..
#.# ..
#.#.####5######.##?..
# #..................
######.........?...
########.##### .# #


You could see Grinder.

Vanquished Creatures
  An ogre (D:5)
  2 centaurs (D:5)
  A howler monkey (D:4)
  2 crimson imps (D:5)
  A centaur skeleton (D:4)
  2 hounds (D:4)
  A bullfrog skeleton (D:4)
  Terence (D:3)
  2 iguanas
  3 worker ants
  A hound skeleton (D:4)
  3 adders (D:2)
  3 gnolls (D:2)
  2 worms
  2 dart slugs (D:1)
  3 leopard geckos
  2 orcs
  A ball python (D:4)
  8 bats
  2 giant cockroaches
  6 goblins
  8 hobgoblins
  3 jackals (D:6)
  4 quokkas
  7 frilled lizards
  8 kobolds
  11 rats
90 creatures vanquished.

Notes
Turn   | Place    | Note
-------+----------+-------------------------------------------
     0 | D:1      | Elellon the Deep Elf Conjurer began the quest for the Orb.
     0 | D:1      | Reached XP level 1. HP: 10/10 MP: 6/6
   170 | D:1      | Reached XP level 2. HP: 15/15 MP: 1/8
   692 | D:1      | Reached XP level 3. HP: 19/19 MP: 8/10
   749 | D:1      | Reached skill level 5 in Conjurations
  1081 | D:2      | Learned a level 2 spell: Searing Ray
  1406 | D:2      | Reached XP level 4. HP: 24/24 MP: 7/12
  1806 | D:2      | Reached skill level 1 in Fighting
  2154 | D:2      | Found a sparkling altar of Nemelex Xobeh.
  2154 | D:2      | Found a glowing silver altar of Zin.
  2159 | D:2      | Found a snail-covered altar of Cheibriados.
  2176 | D:2      | Found a sacrificial altar of Ru.
  2178 | D:2      | Found a blossoming altar of Fedhas.
  2256 | D:2      | Reached skill level 5 in Spellcasting
  2600 | D:3      | Noticed Terence
  2607 | D:3      | Killed Terence
  2607 | D:3      | Reached XP level 5. HP: 23/29 MP: 5/14
  3317 | D:4      | Found Ril Xawn's General Store.
  3321 | D:4      | Bought a potion of lignification for 36 gold pieces
  3332 | D:4      | Reached skill level 1 in Shields
  3457 | D:4      | Reached XP level 6. HP: 35/35 MP: 16/16
  3990 | D:5      | Entered Level 5 of the Dungeon
  4065 | D:5      | Reached XP level 7. HP: 36/40 MP: 18/18
  4591 | D:5      | Got a pair of brightly glowing gloves
  4601 | D:5      | Identified the +0 pair of gloves "Oseobemp" {Int+3 SInv}
                  | (You found it on level 5 of the Dungeon)
  4771 | D:6      | Noticed Grinder
  4774 | D:6      | Paralysed by Grinder for 5 turns
  4783 | D:6      | Paralysed by Grinder for 3 turns
  4792 | D:6      | Killed from afar by Grinder

Levels and vault maps discovered:
D:1:      dpeg_arrival_chase, layout_rooms
D:2:      layout_basic, chequers_temple_overflow_minitemple
D:3:      layout_loops_ring, first_ration, uniq_terence
D:4:      layout_rooms, serial_shops, shop
D:5:      layout_loops_ring
D:6:      layout_loops_ring, uniq_grinder

Skill      XL: |  1  2  3  4  5  6  7 |
---------------+----------------------+-----
Spellcasting   | 4 5 6 |  6.7
Conjurations   | 5 6 |  6.7
Fighting       | 1 2 3 |  3.0
Shields        | 1 2 |  2.5
Dodging        | |  2.4
Stealth        | |  2.4

Action                   |  1- 3 |  4- 6 |  7- 9 || total
-------------------------+-------+-------+-------++-------
 Cast: Magic Dart        |    83 |    83 |    10 ||   176
       Searing Ray       |       |    14 |     8 ||    22
  Use: Scroll            |       |    10 |       ||    10
  Eat: Chunk             |     1 |     8 |     2 ||    11
Armor: Robe              |     4 |     9 |     1 ||    14
Dodge: Dodged            |     4 |    10 |       ||    14
Block: Buckler           |       |     4 |     1 ||     5
